Map: Acropolis LE

Players

Solereavr - Winner!

  • Race: Terran Terran
  • League: Bronze
  • Spawn Location: 11:00

Illiux

  • Race: Zerg Zerg
  • League: Bronze
  • Spawn Location: 5:00

VOD

Have the link to the VOD?

Description

Time

  • Played on: June 17, 2019, 11:49 p.m.
  • Length: 8:48
Show
View Real Time Build Order
Export as new Build Order

Solereavr Terran - Winner!

Build Orders:  

Get SALT Encoding   

  12  0:01  SCV  
  13  0:13  SCV  
  14  0:17  Supply Depot  
  14  0:25  SCV  
  15  0:38  SCV  
  16  0:43  Barracks  
  16  0:50  SCV  
  16  0:55  Supply Depot  
  17  1:03  SCV  
  18  1:09  Barracks  
  18  1:15  SCV  
  19  1:19  Supply Depot  
  19  1:27  SCV  
  20  1:39  SCV  
  21  1:53  Command Center  
  21  1:55  SCV  
  22  2:02  Supply Depot  
  22  2:06  Marine x2  
  24  2:16  Barracks  
  24  2:24  Marine x2  
  24  2:28  Supply Depot  
  26  2:32  SCV  
  27  2:42  Marine x2  
  29  2:47  SCV  
  30  2:54  Barracks  
  30  2:59  SCV  
  30  3:02  Marine x2  
  33  3:08  Supply Depot  
  33  3:10  Marine  
  34  3:14  SCV  
  34  3:17  SCV  
  36  3:20  Marine x2  
  36  3:26  SCV  
  39  3:27  Marine  
  39  3:30  SCV  
  37  3:37  Marine  
  37  3:38  SCV, Marine  
  40  3:43  Marine  
  40  3:45  Marine  
  42  3:49  Barracks  
  42  3:53  SCV  
  42  3:55  Supply Depot, Marine  
  43  3:56  SCV, Marine  
  43  4:01  Marine  
  47  4:03  Marine  
  47  4:06  SCV  
  47  4:08  SCV  
  50  4:13  Marine  
  50  4:14  Marine  
  52  4:19  SCV, Marine  
  52  4:21  Marine  
  55  4:29  Command Center  
  55  4:31  Marine  
  55  4:32  Marine  
  55  4:37  Marine x2  
  59  4:39  Marine  
  59  4:42  Barracks  
  59  4:43  SCV  
  59  4:44  Supply Depot  
  61  4:49  SCV  
  61  4:51  Marine  
  61  4:52  Marine  
  60  4:55  SCV  
  60  4:57  Marine x3  
  58  5:01  SCV  
  58  5:06  Supply Depot  
  59  5:07  SCV  
  59  5:09  Marine  
  59  5:10  Marine  
  62  5:15  Marine x3  
  62  5:16  SCV  
  62  5:19  SCV  
  67  5:27  Marine x2  
  68  5:30  Supply Depot  
  68  5:32  Marine, Barracks  
  68  5:33  Marine x2  
  68  5:35  Barracks  
  71  5:37  Marine  
  71  5:41  SCV  
  73  5:43  SCV  
  73  5:45  SCV, Marine x2  
  76  5:50  Marine  
  76  5:53  SCV  
  76  5:56  SCV  
  76  5:57  SCV  
  74  6:04  Marine x3  
  74  6:05  SCV  
  74  6:06  Marine  
  74  6:07  Marine  
  74  6:08  Marine, Command Center  
  74  6:09  SCV  
  79  6:12  Supply Depot  
  76  6:19  Marine  
  76  6:21  SCV  
  76  6:22  Marine x3  
  76  6:25  SCV  
  80  6:26  SCV  
  72  6:33  SCV  
  72  6:34  Marine x2  
  72  6:35  Marine x2  
  72  6:37  SCV, Marine  
  72  6:38  Supply Depot  
  72  6:39  Marine  
  79  6:40  Marine x2  
  79  6:45  SCV  
  83  6:49  SCV  
  83  6:50  SCV  
  83  6:52  Marine x2  
  83  6:53  Marine x2  
  89  6:54  Marine  
  89  6:57  Marine x2  
  89  6:58  Marine  
  86  7:10  Marine x2  
  86  7:14  Marine x3, Barracks  
  86  7:15  Marine x2, Barracks  
  91  7:16  Marine  
  94  7:28  Marine x2  
  96  7:32  Marine x3  
  96  7:33  Marine  
  96  7:34  Barracks  
  96  7:36  Barracks  
  100  7:40  Barracks  
  100  7:43  SCV  
  100  7:46  SCV x3  
  100  7:49  Marine x5  
  100  7:50  Marine x2  
  100  7:51  Marine  
  111  7:56  SCV  
  108  7:58  SCV x3  
  108  8:00  Supply Depot  
  108  8:02  Marine x2  
  111  8:06  Marine x2  
  111  8:07  Marine x4, Barracks  
  111  8:08  SCV, Marine  
  111  8:09  Marine  
  119  8:20  Marine x2  
  119  8:22  Marine x2  
  119  8:23  Supply Depot, Command Center  
  119  8:24  Marine x3  
  119  8:25  Marine x3  
  119  8:26  Marine x2  
  130  8:29  Marine  
Show
View Real Time Build Order
Export as new Build Order

Illiux Zerg 

Build Orders: Hatch First 

Get SALT Encoding   

  12  0:02  Drone  
  13  0:13  Overlord  
  13  0:22  Drone  
  14  0:42  Drone x2  
  16  0:54  Drone  
  17  1:02  Hatchery  
  16  1:10  Drone  
  17  1:16  Drone  
  18  1:23  Extractor  
  17  1:30  Spawning Pool  
  17  1:32  Drone  
  17  1:36  Drone  
  18  1:49  Drone  
  19  2:02  Drone  
  20  2:17  Queen  
  20  2:18  Queen  
  25  2:22  Drone  
  25  2:24  Zergling x4  
  25  2:27  Zergling x2  
  28  2:32  Overlord  
  28  2:56  Hatchery  
  27  3:02  Zergling x12  
  33  3:08  Queen  
  35  3:25  Drone  
  35  3:26  Overlord  
  35  3:27  Overlord x2  
  35  3:29  Queen  
  36  3:41  Overlord x2  
  36  4:05  Drone  
  36  4:06  Drone x5  
  42  4:22  Zergling x16  
  49  4:35  Queen  
  49  4:36  Queen  
  53  4:41  Drone  
  53  4:42  Zergling x10  
  53  4:43  Zergling x2  
  53  4:53  Zergling x6  
  53  4:54  Zergling x4  
  56  5:26  Queen x3  
  53  5:47  Zergling x4  
  53  5:48  Zergling x20  
  53  5:49  Zergling x2  
  60  6:00  Zergling x10  
  56  6:15  Zergling x6  
  58  6:24  Zergling x2  
  58  6:25  Zergling x14  
  57  6:43  Drone x3  
  57  6:44  Drone x4  
  62  6:57  Zergling x8  
  63  7:08  Queen  
  65  7:17  Drone x5  
  65  7:18  Drone x5  
  75  7:31  Zergling x4  
  75  7:32  Zergling x6  
  75  7:34  Hatchery  
  79  7:41  Queen  
  71  7:51  Zergling x4  
  71  7:52  Zergling x16  
  64  8:05  Zergling x2  
  64  8:06  Zergling x4  
  59  8:20  Zergling x2  
  59  8:21  Zergling x16  
Tags
 
Matchup
TvZ
Spawn Locations
Cross Positions
Add a new tag
Caveats
  • Supply blocks, unpowered buildings, or Contaminate may cause inaccurate times.
  • Supply counts are checked every 10 seconds.